 Dungeon Crawl Stone Soup version 0.21.1-1-g345015fe64 (webtiles) character file.

28492 Naru the Tortoise (level 13, -3/123 HPs)
             Began as a Minotaur Berserker on June 8, 2018.
             Was a High Priest of Trog.
             Slain by Frances
             ... wielding a +0 halberd
              (20 damage)
             ... on level 1 of the Snake Pit.
             The game lasted 01:15:38 (17703 turns).

Naru the Tortoise (Minotaur Berserker)             Turns: 17703, Time: 01:15:38

Health: -3/123     AC: 24    Str: 28    XL:     13   Next: 10%
Magic:  21/21      EV: 12    Int:  2    God:    Trog [*****.]
Gold:   778        SH:  4    Dex: 12    Spells: 12/12 levels left

rFire    . . .     SeeInvis +   g - +2 whip (slash)
rCold    . . .     Gourm    .   (no shield)
rNeg     . . .     Faith    .   A - +2 plate armour
rPois    .         Spirit   .   (helmet restricted)
rElec    .         Reflect  +   u - scarf {repulsion}
rCorr    .         Harm     .   C - +0 pair of gloves
MR       ++...                  q - +2 pair of boots
Stlth    ..........             I - +4 amulet of reflection
HPRegen  1.30/turn              x - ring of see invisible
MPRegen  0.17/turn              l - ring "Ewuulo" {MP+9 Str+3 Int-2}

@: regenerating, repel missiles
A: retaliatory headbutt, horns 2
a: Berserk, Trog's Hand, Brothers in Arms, Burn Spellbooks, Renounce Religion


You were on level 1 of the Snake Pit.
You worshipped Trog.
Trog was extremely pleased with you.
You were not hungry.

You visited 3 branches of the dungeon, and saw 15 of its levels.

You collected 778 gold pieces.

Inventory:

Hand Weapons
 g - a +2 whip of slashing (weapon)
 m - a +1 antimagic demon trident
Missiles
 d - 33 poisoned needles
 J - 8 tomahawks of returning (quivered)
Armour
 q - a +2 pair of boots (worn)
 u - a scarf of repulsion (worn)
 A - a +2 plate armour (worn)
 C - a +0 pair of gloves (worn)
Jewellery
 a - an uncursed ring of stealth {unknown}
 l - the ring "Ewuulo" (right hand) {MP+9 Str+3 Int-2}
   (You found it on level 5 of the Dungeon)

   [ring of intelligence]

   It affects your strength (+3).
   It affects your intelligence (-2).
   It affects your magic capacity (+9).
 x - a ring of see invisible (left hand)
 D - an uncursed ring of positive energy {unknown}
 I - a +4 amulet of reflection (around neck)
Wands
 i - a wand of paralysis (11)
 o - a wand of flame (65)
 F - a wand of iceblast (7)
 N - a wand of random effects (46)
Scrolls
 h - 5 scrolls of amnesia
 v - 6 scrolls of remove curse
 w - 4 scrolls of teleportation
 B - 3 scrolls of fear
 E - a scroll of silence
 K - 3 scrolls of blinking
Potions
 e - 4 potions of mutation
 f - 5 potions of curing
 j - 2 potions of degeneration
 k - 3 potions of flight
 n - 2 potions of resistance
 p - 2 potions of magic
 s - 4 potions of haste
 t - 4 potions of agility
 z - a potion of lignification {unknown}
 G - a potion of ambrosia {unknown}
 H - a potion of might {unknown}
Books
 r - a book of Cantrips

   Spells                             Type                      Level
   a - Confusing Touch                Hexes                        1
   b - Animate Skeleton               Necromancy                   1
   c - Summon Small Mammal            Summoning                    1
   d - Apportation                    Translocation                1
   Trog disapproves of the use of such an item.
 y - a book of Debilitation

   Spells                             Type                      Level
   a - Corona                         Hexes                        1
   b - Slow                           Hexes                        2
   c - Inner Flame                    Hexes/Fire                   3
   d - Portal Projectile              Hexes/Translocation          3
   e - Cause Fear                     Hexes                        4
   f - Leda's Liquefaction            Hexes/Earth                  4
   Trog disapproves of the use of such an item.
Comestibles
 c - 4 rations


   Skills:
 * Level 13.8 Fighting
   Level 4.0 Long Blades
 * Level 12.5 Maces & Flails
 + Level 15.8 Armour
 * Level 8.8 Dodging
 - Level 0.1 Stealth


You had 12 spell levels left.
You didn't know any spells.

Dungeon Overview and Level Annotations

Branches:
Dungeon (10/15)            Temple (0/1) D:4            Lair (4/6) D:9
  Swamp (0/4) Lair:4        Snake (1/4) Lair:4
    Orc: D:9-12

Altars:
Ashenzari
Cheibriados
Dithmenos
Elyvilon
Kikubaaqudgha
Makhleb
Nemelex Xobeh
Ru

Shops:
D:7 (

Annotations:
D:5 abdbla's ghost, novice SpEn
D:9 exclusion: tengu warrior
Lair:1 exclusion: oklob plant
Lair:2 exclusion: rime drake
Snake:1 Frances


Innate Abilities, Weirdness & Mutations

You reflexively headbutt those who attack you in melee.
You have a pair of horns on your head.


Message History

The hellwing barely misses you.
Frances whispers indecipherable words.
The shard of ice hits you!
* * * LOW HITPOINT WARNING * * *
You feel yourself speed up. Frances hits you but does no damage.
Your extra speed is starting to run out.
Frances whispers indecipherable words.
The iron shot hits you!
* * * LOW HITPOINT WARNING * * *
You recover from your berserk rage.
Frances closely misses you.
Frances mutters in a terrible tongue.
You feel better.
You feel yourself slow down. You block Frances's attack.
Things that are here:
a dagger of venom; an embroidered robe; a naga skeleton Frances hits you from afar with a halberd!!
You die...

.......# #...#......#.###.......#
.......# #...#......#.........###
.......###...###..............#..
.......# .... #....#.......###..
.......###.## #....#.....^......
.......#....####.#..#.......#..#.
.........3.4...#.#)##.......#.##.
.#####ยง##.....##....#..)....#.###
##...4..#...5.#)@)..#.......#.#
.....535##....#.....##<#....###
###...5..#...5@.....#..####..#
.p......4######.....#.....####
..#........#.......##........#
..##.......###....##.........# .
#####..## #....#..........####
##)#..######...)..........
#.!##.....................


You could see Frances and a shadow imp.

Vanquished Creatures
  Kirke (Snake:1)
  The ghost of PikkenKukken the Basher, a journeyman GrFi of the Shining One (Lair:4)
  The ghost of gorpus the Geomancer, a journeyman OpEE of Ashenzari (Lair:2)
  2 hydras (Lair:2)
  3 two-headed ogres
  A tengu warrior (D:9)
  A shock serpent (Snake:1)
  The ghost of abdbla the Unseen, a journeyman SpEn of Dithmenos (Lair:2)
  An unseen horror (D:8)
  A naga ritualist (Snake:1)
  5 elephants (Lair:4)
  4 black mambas
  2 naga magi (Snake:1)
  3 spiny frogs
  3 rime drakes (Lair:2)
  2 komodo dragons (Lair:1)
  A tengu conjurer (D:9)
  7 hippogriffs
  3 blink frogs (Lair:3)
  A wyvern (Lair:1)
  17 yaks
  2 basilisks (Lair:2)
  2 hogs (Snake:1)
  A hungry ghost (D:6)
  2 nagas (Snake:1)
  6 porcupines
  15 water moccasins
  6 orc warriors
  A phantom (D:9)
  2 sky beasts
  2 black bears
  The ghost of JOKERXD40 the Shield-Bearer, an amateur HOFi (D:3)
  4 ice beasts
  4 ogres
  3 centaurs
  7 crocodiles
  A big kobold (D:9)
  9 bullfrogs
  A scorpion (D:9)
  9 killer bees
  A wight (D:8)
  2 howler monkeys (D:8)
  2 crimson imps
  2 bullfrog zombies
  5 jellies
  4 orc priests
  Crazy Yiuf (D:2)
  5 hounds
  4 orc wizards
  A bullfrog skeleton (D:4)
  4 iguanas
  2 worker ants
  5 hell rats (Lair:3)
  2 hound skeletons
  Robin (D:2)
  12 adders
  3 gnolls (D:7)
  2 shadow imps
  8 oozes
  2 adder zombies
  2 adder skeletons
  2 worms
  5 dart slugs
  3 leopard geckos
  28 orcs
  4 ball pythons
  4 giant cockroaches
  12 hobgoblins
  13 jackals
  7 kobolds
  A quokka (D:2)
  4 bats
  3 frilled lizards
  14 goblins
  A jackal zombie (D:8)
  A quokka skeleton (D:7)
  7 rats
  A fungus (D:9)
319 creatures vanquished.

Vanquished Creatures (collateral kills)
  A fungus (Lair:2)
1 creature vanquished.

Vanquished Creatures (others)
  An unseen horror (D:9)
  A spiny frog (Lair:1)
  2 humans (Snake:1)
  A phantom (D:9)
  A sky beast (D:5)
  A wyvern zombie (D:4)
  A scorpion (D:8)
  A killer bee (D:6)
  3 crimson imps
  A goblin (D:2)
  A quokka (D:3)
  5 fungi
  5 plants
24 creatures vanquished.

Grand Total: 344 creatures vanquished

Notes
Turn   | Place    | Note
-------+----------+-------------------------------------------
     0 | D:1      | Naru the Minotaur Berserker began the quest for the Orb.
     0 | D:1      | Reached XP level 1. HP: 19/19 MP: 0/0
   241 | D:1      | Reached XP level 2. HP: 25/27 MP: 1/1
   464 | D:1      | Reached ** piety under Trog
   623 | D:1      | Reached XP level 3. HP: 31/34 MP: 2/2
  1122 | D:2      | Noticed Robin
  1529 | D:2      | Reached skill level 3 in Armour
  1535 | D:2      | Reached skill level 1 in Maces & Flails
  1582 | D:2      | Killed Robin
  1582 | D:2      | Reached XP level 4. HP: 39/41 MP: 3/3
  1848 | D:2      | Found a runed door.
  1902 | D:2      | Noticed Crazy Yiuf
  1909 | D:2      | Killed Crazy Yiuf
  2415 | D:3      | Noticed JOKERXD40's ghost (amateur HOFi)
  2446 | D:3      | Killed JOKERXD40's ghost
  2446 | D:3      | Reached skill level 5 in Fighting
  2446 | D:3      | Reached XP level 5. HP: 31/48 MP: 4/4
  3085 | D:3      | Reached skill level 4 in Armour
  3089 | D:3      | Reached *** piety under Trog
  3694 | D:4      | Reached XP level 6. HP: 56/56 MP: 5/5
  3787 | D:4      | Found a staircase to the Ecumenical Temple.
  3878 | D:4      | HP: 2/56 [poisoned by a worker ant]
  4354 | D:4      | Reached skill level 5 in Armour
  4387 | D:4      | Found a sparkling altar of Nemelex Xobeh.
  4406 | D:4      | Found a sacrificial altar of Ru.
  4406 | D:4      | Found a shattered altar of Ashenzari.
  4409 | D:4      | Found a shadowy altar of Dithmenos.
  4562 | D:4      | Reached XP level 7. HP: 61/61 MP: 6/6
  4699 | D:5      | Entered Level 5 of the Dungeon
  4710 | D:5      | Reached skill level 5 in Maces & Flails
  4758 | D:5      | Reached skill level 6 in Armour
  4810 | D:5      | Got a translucent turquoise ring
  4827 | D:5      | Noticed abdbla's ghost (novice SpEn)
  5061 | D:6      | Reached XP level 8. HP: 30/70 MP: 7/7
  5496 | D:6      | Identified the cursed ring "Ewuulo" {MP+9 Str+3 Int-2} (You found it on level 5 of the Dungeon)
  5654 | D:6      | Reached skill level 7 in Armour
  5886 | D:6      | Found a white marble altar of Elyvilon.
  6166 | D:7      | Reached skill level 5 in Dodging
  6268 | D:7      | Found an ancient bone altar of Kikubaaqudgha.
  6276 | D:7      | Reached **** piety under Trog
  6280 | D:7      | Reached XP level 9. HP: 78/78 MP: 8/8
  6368 | D:7      | Found a snail-covered altar of Cheibriados.
  6508 | D:7      | Found Zellil's Antique Weapon Shop.
  7308 | D:8      | Reached skill level 8 in Armour
  7338 | D:8      | Noticed an unseen horror
  7440 | D:8      | Reached skill level 10 in Maces & Flails
  7560 | D:8      | Received a gift from Trog
  7572 | D:8      | Reached skill level 9 in Armour
  7709 | D:8      | Killed an unseen horror
  7789 | D:8      | Reached XP level 10. HP: 54/86 MP: 9/9
  7790 | D:8      | Reached skill level 10 in Armour
  7887 | D:8      | Found a burning altar of Makhleb.
  8028 | D:8      | Noticed a two-headed ogre
  8043 | D:8      | Killed a two-headed ogre
  8359 | D:9      | Found a shattered altar of Ashenzari.
  8380 | D:9      | Reached skill level 11 in Armour
  8436 | D:9      | Noticed a two-headed ogre
  8739 | D:9      | Killed a two-headed ogre
  8830 | D:9      | Noticed a tengu warrior
  8866 | D:9      | Killed a tengu warrior
  8866 | D:9      | Reached skill level 12 in Armour
  8898 | D:9      | Noticed an unseen horror
  8921 | D:9      | Banished an unseen horror
  8921 | D:9      | Reached XP level 11. HP: 69/95 MP: 10/10
  8964 | D:9      | Noticed a two-headed ogre
  9104 | D:9      | Killed a two-headed ogre
  9269 | D:9      | Found a staircase to the Lair.
  9652 | D:10     | Entered Level 10 of the Dungeon
  9692 | Lair:1   | Entered Level 1 of the Lair of Beasts
  9753 | Lair:1   | Reached skill level 13 in Armour
 10210 | Lair:1   | Reached ***** piety under Trog
 10485 | Lair:1   | Noticed an oklob plant
 10909 | Lair:2   | Noticed gorpus's ghost (journeyman OpEE)
 10948 | Lair:2   | Killed gorpus's ghost
 10948 | Lair:2   | Received a gift from Trog
 10948 | Lair:2   | Reached skill level 10 in Fighting
 11350 | Lair:2   | Noticed a six-headed hydra
 11375 | Lair:2   | Killed a six-headed hydra
 11375 | Lair:2   | Reached skill level 14 in Armour
 11933 | Lair:2   | Noticed abdbla's ghost (journeyman SpEn)
 11957 | Lair:2   | Killed abdbla's ghost
 12252 | Lair:2   | Noticed a four-headed hydra
 12261 | Lair:2   | Killed a four-headed hydra
 12261 | Lair:2   | Reached XP level 12. HP: 110/110 MP: 11/11
 14881 | Lair:4   | Found a staircase to the Swamp.
 15002 | Lair:4   | Reached skill level 15 in Armour
 15633 | Lair:4   | Found a staircase to the Snake Pit.
 15717 | Lair:4   | Noticed PikkenKukken's ghost (journeyman GrFi)
 15738 | Lair:4   | Killed PikkenKukken's ghost
 16413 | Snake:1  | Entered Level 1 of the Snake Pit
 17290 | Snake:1  | Reached XP level 13. HP: 72/123 MP: 12/12
 17634 | Snake:1  | Noticed Kirke
 17635 | Snake:1  | Noticed Frances
 17653 | Snake:1  | Killed Kirke
 17653 | Snake:1  | Received a gift from Trog
 17692 | Snake:1  | HP: 2/123 [Frances/iron shot (17)]
 17703 | Snake:1  | Slain by Frances

Skill      XL: |  1  2  3  4  5  6  7  8  9 10 11 12 |
---------------+-------------------------------------+-----
Fighting       | 4 5 6 7 8 11 13 | 13.8
Long Blades    | 4 |  4.0
Armour         | 3 4 5 6 7 9 12 14 15 | 15.8
Maces & Flails | 1 3 4 6 9 10 12 | 12.5
Dodging        | 3 4 5 6 7 8 |  8.8
Stealth        | |  0.1

Action                   |  1- 3 |  4- 6 |  7- 9 | 10-12 | 13-15 || total
-------------------------+-------+-------+-------+-------+-------++-------
Melee: Falchion          |    33 |       |       |       |       ||    33
       Headbutt          |    11 |    19 |    58 |   182 |     8 ||   278
       Whip              |    43 |   105 |   250 |   743 |    29 ||  1170
Invok: Berserk           |       |       |     5 |     8 |     1 ||    14
       Trog's Hand       |       |       |     4 |     7 |     1 ||    12
       Burn Spellbooks   |       |       |     1 |       |       ||     1
  Use: Scroll            |     5 |     1 |    13 |    13 |       ||    32
       Potion            |       |     1 |     2 |     4 |     3 ||    10
  Eat: Chunk             |     2 |     3 |     4 |     5 |       ||    14
       Ration            |       |     2 |     5 |    10 |     1 ||    18
Armor: Animal skin       |    13 |       |       |       |       ||    13
       Ring mail         |       |    45 |    60 |       |       ||   105
       Chain mail        |       |       |    56 |       |       ||    56
       Plate armour      |       |       |    21 |   335 |    17 ||   373
Dodge: Dodged            |    59 |    82 |   170 |   306 |    13 ||   630
       Deflected         |       |       |       |    15 |       ||    15
Block: Other             |       |       |       |     8 |     7 ||    15
       Rpst.: Falchion   |     3 |       |       |       |       ||     3
